AoeStats
← Pagliacci

Arabia

510365465Analyzed
1v1 RM · 1d ago on Sep 30, 2026· 25m 5s· 2 players
Game mode
Random Map
Map size
Tiny (2 player)
Population
200
Speed
Normal
Resources
Standard
Victory
Conquest
Starting age
Dark Age
Ending age
Imperial Age
RankedLock teamsTeams togetherTeam positionsShared explorationLock speedFull tech treeHidden civsTurbo modeCheats
Victory
Defeat
🇺🇸 Mapuche · United States
1408
+17
🇲🇽 Varangians · Mexico
1419
-17
Pagliacci
7:40 Loom
9:51 Feudal Age
10:20 Double-Bit Axe
15:25 Fletching
20:12 Castle Age
18:28 Scale Mail Armor
19:17 Forging
19:46 Horse Collar
19:57 Gold Mining
20:21 Padded Archer Armor
21:14 Bodkin Arrow
22:01 Wheelbarrow
21:06 Pikeman
22:45 Bodkin Arrow
24:14 Leather Archer Armor
SSVictorin
6:02 Loom
8:51 Feudal Age
13:38 Wheelbarrow
21:52 Castle Age
20:31 Bloodlines
20:25 Double-Bit Axe
20:40 Horse Collar
21:38 Scale Barding Armor
21:58 Fletching
Connection lost

Rejoining the realm…

Still unreachable

The connection could not be restored.

Session expired

The server has moved on; the page needs a fresh start.